 Dungeon Crawl Stone Soup version 0.23-a0-309-ge7838e6 (webtiles) character file.

121 Amnesiac the Chucker (level 5, -5/32 HPs)
             Began as a Kobold Fighter on Oct 11, 2018.
             Slain by Terence
             ... wielding a +6 hand axe
              (7 damage)
             ... on level 2 of the Dungeon.
             The game lasted 00:05:35 (3057 turns).

Amnesiac the Chucker (Kobold Fighter)               Turns: 3057, Time: 00:05:35

Health: -5/32      AC:  6    Str: 15    XL:     5   Next: 26%
Magic:  14/14      EV: 10    Int:  9    God:
Gold:   99         SH: 14    Dex: 14    Spells: 4/4 levels left

rFire    . . .     SeeInvis .   a - +0 long sword
rCold    . . .     Gourm    .   c - +0 shield
rNeg     . . .     Faith    .   b - +0 scale mail
rPois    .         Spirit   .   (no helmet)
rElec    .         Reflect  +   (no cloak)
rCorr    .         Harm     .   (no gloves)
MR       .....                  (no boots)
Stlth    ..........             u - +5 amulet of reflection
HPRegen  0.10/turn              e - ring of magical power
MPRegen  0.14/turn              n - ring of attention (curse)

@: no status effects
A: small, carnivore
a: no special abilities


You were on level 2 of the Dungeon.
You were completely stuffed.

You visited 1 branch of the dungeon, and saw 3 of its levels.

You collected 99 gold pieces.

Inventory:

Hand Weapons
 a - a +0 long sword (weapon)
Missiles
 h - 78 stones (quivered)
Armour
 b - a +0 scale mail (worn)
 c - a +0 shield (worn)
Jewellery
 e - a ring of magical power (left hand)
 m - an uncursed amulet of the acrobat
 n - a cursed ring of attention (right hand)
 u - a +5 amulet of reflection (around neck)
Wands
 t - a wand of paralysis (14)
Scrolls
 i - a scroll of remove curse {!r, unknown}
 o - a scroll of noise {!r, unknown}
 p - a scroll of teleportation {!r, unknown}
 q - a scroll of amnesia {!r, unknown}
 s - 3 scrolls of enchant armour {!r, unknown}
Potions
 d - a potion of might {!q}
 g - a potion of degeneration {!q, unknown}
 j - 2 potions of magic {!q, unknown}
 k - a potion of agility {!q, unknown}
 l - a potion of ambrosia {!q, unknown}
 r - 2 potions of cancellation {!q, unknown}
Comestibles
 f - 3 rations
 v - 5 chunks of flesh


   Skills:
 + Level 3.3 Fighting
 - Level 1.5 Long Blades
 * Level 4.2 Throwing
 - Level 2.4 Armour
 - Level 2.4 Dodging
 - Level 2.4 Shields


You had 4 spell levels left.
You didn't know any spells.
Your spell library was empty.

Dungeon Overview and Level Annotations

Branches:
Dungeon (3/15)

Altars:

Annotations:
D:2 Terence


Innate Abilities, Weirdness & Mutations

You are small and have problems with some larger weapons.
You are carnivorous and can eat meat at any time.


Message History

Terence is moderately wounded.
You block Terence's attack.
You hit Terence.
Terence is moderately wounded.
Terence closely misses you.
You hit Terence.
Terence is heavily wounded.
You block Terence's attack.
You hit Terence.
Terence is heavily wounded.
Terence hits you with an enchanted hand axe!
You block Terence's attack.
You hit Terence but do no damage.
Terence is heavily wounded.
You block Terence's attack.
You barely miss Terence.
Terence is heavily wounded.
You block Terence's attack.
You hit Terence.
Terence is severely wounded.
You block Terence's attack.
You hit Terence.
Terence is severely wounded.
Terence hits you with an enchanted hand axe. x2
You closely miss Terence.
Terence is severely wounded.
Terence barely misses you.
You riposte.
You hit Terence but do no damage.
Terence is severely wounded.
You hit Terence but do no damage.
Terence is severely wounded.
Terence hits you with an enchanted hand axe!
* * * LOW HITPOINT WARNING * * *
You block Terence's attack.
You hit Terence.
Terence is severely wounded.
Terence hits you with an enchanted hand axe!
* * * LOW HITPOINT WARNING * * *
You are too injured to fight recklessly!
You are too injured to fight recklessly!
You are too injured to fight recklessly!
You are too injured to fight recklessly!
You are too injured to fight recklessly!
You hit Terence but do no damage.
Terence is severely wounded.
Terence hits you with an enchanted hand axe.
* * * LOW HITPOINT WARNING * * *
You closely miss Terence.
Terence is severely wounded.
Terence barely misses you. You block Terence's attack.
You closely miss Terence.
Terence is severely wounded.
Terence hits you but does no damage.
You hit Terence but do no damage.
Terence is severely wounded.
You block Terence's attack.
You completely miss Terence.
Terence is severely wounded.
You block Terence's attack.
Your shield prevents you from hitting Terence.
Terence is severely wounded.
Terence hits you with an enchanted hand axe.
* * * LOW HITPOINT WARNING * * *
Terence hits you with an enchanted hand axe!
You die...

# ##### ##### ### #...#
#####...# ..######
#...########.......#
#.#..>.#####.................##
#.##.#..##......@@...........#
...#.......#...###..#...#....#
......##.<.<....##.##..##...##
...#..#....#.....#.#....>...#
...#.......#...........##...##
#.###........................#
#.# ###......................#
..####..........#............#
................<...#........#


You could see Terence.

Vanquished Creatures
  3 gnolls (D:2)
  3 adders
  An ooze (D:2)
  A dart slug (D:2)
  2 leopard geckos (D:1)
  An orc (D:3)
  6 giant cockroaches
  6 goblins
  3 hobgoblins
  3 jackals (D:1)
  10 kobolds
  2 ball pythons (D:1)
  8 bats
  2 frilled lizards
  4 rats (D:1)
55 creatures vanquished.

Notes
Turn   | Place    | Note
-------+----------+-------------------------------------------
     0 | D:1      | Amnesiac the Kobold Fighter began the quest for the Orb.
     0 | D:1      | Reached XP level 1. HP: 14/14 MP: 1/1
    92 | D:1      | Reached skill level 1 in Throwing
   136 | D:1      | Reached XP level 2. HP: 17/19 MP: 2/2
   190 | D:1      | Reached skill level 2 in Throwing
   493 | D:1      | Reached XP level 3. HP: 19/23 MP: 3/3
   723 | D:1      | Reached skill level 3 in Throwing
  1732 | D:2      | Reached XP level 4. HP: 23/28 MP: 4/4
  1763 | D:2      | Reached skill level 4 in Throwing
  1956 | D:2      | Reached skill level 1 in Dodging
  2181 | D:2      | Reached XP level 5. HP: 10/32 MP: 5/5
  3013 | D:3      | Noticed Terence
  3057 | D:2      | Slain by Terence

Vault maps used:
D:1:      erik_arrival_cave_to_civilisation, minmay_misc_feat_four_crosses,
          hangedman_abyss_or_decor_stabs
D:3:      chequers_ecumenical_altar_twisty, uniq_terence

Skill      XL: |  1  2  3  4 |
---------------+-------------+-----
Throwing       | 1 2 3 4 |  4.2
Dodging        | 2 |  2.4
Fighting       | |  3.3
Long Blades    | |  1.5
Armour         | |  2.4
Shields        | |  2.4

Action                   |  1- 3 |  4- 6 || total
-------------------------+-------+-------++-------
Melee: Long sword        |     9 |    78 ||    87
Throw: Stone             |   226 |     9 ||   235
  Eat: Chunk             |    10 |     5 ||    15
Armor: Scale mail        |    64 |    20 ||    84
Dodge: Dodged            |    57 |    54 ||   111
Block: Shield            |    76 |    86 ||   162
       Reflection        |       |     3 ||     3
       Rpst.: Long sword |    24 |    15 ||    39

Table legend:
 A = Non-vault XP
 B = Vault XP
 C = Vault XP percentage of total XP
 D = Non-vault monster count
 E = Vault monster count
 F = Vault count percentage of total count
                 A         B        C        D         E       F
            +---------+---------+-------+---------+---------+-------
      Total |     170 |       4 |   2.3 |      53 |       2 |   3.6
            +---------+---------+-------+---------+---------+-------
        D:1 |      52 |       4 |   7.1 |      30 |       2 |   6.2
        D:2 |      92 |       0 |   0.0 |      15 |       0 |   0.0
        D:3 |      26 |       0 |   0.0 |       8 |       0 |   0.0
            +---------+---------+-------+---------+---------+-------
